 Dungeon Crawl Stone Soup version 0.26.1-2-gb8aa6d0cf2 (webtiles) character file.

Game seed: 13505536447654593250

115 axecop the Distorting Demonspawn (level 4, -1/35 HPs)
             Began as a Demonspawn Abyssal Knight on Mar 9, 2021.
             Was a Believer of Lugonu.
             Slain by a gnoll (8 damage)
             ... on level 2 of the Dungeon.
             The game lasted 00:02:00 (2924 turns).

axecop the Distorting Demonspawn (DsAK)             Turns: 2924, Time: 00:02:00

Health: -1/35      AC:  5    Str: 12    XL:     4   Next: 68%
Magic:  6/6        EV: 11    Int: 15    God:    Lugonu [**....]
Gold:   72         SH:  0    Dex: 12    Spells: 3/3 levels left

rFire    . . .     SeeInvis .   a - +1 mace
rCold    . . .     Faith    +   (no shield)
rNeg     . . .     Spirit   .   b - +0 leather armour
rPois    .         Reflect  .   (no helmet)
rElec    .         Harm     .   (no cloak)
rCorr    .         Rampage  .   n - +0 pair of gloves (curse)
Will     .....                  i - +0 pair of boots
Stlth    +.........             m - amulet of faith
HPRegen  0.11/turn              (no ring)
MPRegen  0.10/turn              (no ring)

@: no status effects
A: foul stench 1, miasma immunity
a: Renounce Religion, Depart the Abyss, Bend Space


You were on level 2 of the Dungeon.
You worshipped Lugonu.
Lugonu was pleased with you.
You visited 1 branch of the dungeon, and saw 2 of its levels.
You visited the Abyss 1 time.

You collected 72 gold pieces.

Inventory:

Hand Weapons
 a - a +1 mace (weapon)
Missiles
 d - 9 poisoned darts (quivered)
Armour
 b - a +0 leather armour (worn)
 i - a +0 pair of boots (worn)
 n - a cursed +0 pair of gloves (worn)
Jewellery
 j - an uncursed ring of fire
 l - a +6 ring of intelligence {unknown}
 m - an amulet of faith (around neck)
Scrolls
 c - 4 scrolls of identify {unknown}
 f - a scroll of remove curse {unknown}
 g - 2 scrolls of enchant weapon {unknown}
 h - a scroll of fog {unknown}
 k - a scroll of immolation {unknown}
 p - a scroll of magic mapping {unknown}
Potions
 e - a potion of ambrosia {unknown}
 o - 2 potions of heal wounds {unknown}
 q - a potion of resistance {unknown}


   Skills:
 + Level 3.5 Fighting
 * Level 3.2 Maces & Flails
 + Level 2.4 Armour
 - Level 0.8 Dodging
 + Level 3.6 Invocations


You had 3 spell levels left.
You didn't know any spells.
Your spell library was empty.

Dungeon Overview and Level Annotations

Branches:
Dungeon (2/15)

Altars:
Qazlal

Annotations:
D:1 1 runed translucent door


Innate Abilities, Weirdness & Mutations

You may emit foul miasma when damaged in melee.
You are immune to miasma.


Message History

The gnoll hits you with a +0 whip!
The gnoll looks sick.
The quokka bites you but does no damage.
The gnoll hits you with a +0 whip. The gnoll misses you.
Unknown command.
You closely miss the quokka.
The quokka is almost dead.
The quokka closely misses you. The gnoll hits you with a +0 whip.
The gnoll hits you with a +0 club!
* * * LOW HITPOINT WARNING * * *
The gnoll barely misses you.
You hit the gnoll.
The gnoll is moderately wounded.
The quokka closely misses you. The gnoll barely misses you. x2
The gnoll hits you but does no damage. The quokka barely misses you.
You are too injured to fight recklessly!
You barely miss the gnoll. The gnoll hits you with a +0 whip.
* * * LOW HITPOINT WARNING * * *
The quokka bites you but does no damage.
The gnoll hits you!
You die...

### ..# #...# ####
.. +...+ .... #
#...# ..... #
#...##..... +
#.......... #
#.......############
#
#.gg....#§§§§§§§§§§§
#
#.g@r...#§§§§§§§§§§§
#
#.#######§§§§§§§§§§§
# #.# §§§§§§§§§§§ #
#.# §§§§§§##### .
#.# §§§§§8#_...
..####..######'#####
§§§§§§#####
..........#........#
§§§§§§§§§§§
..........#........#
§§§§§§§§§§§
..........#........#
§§§§§§§§§§§


You could see 3 gnolls and a quokka.

Vanquished Creatures
  3 gnolls
  4 adders (D:2)
  2 oozes
  2 worms (D:2)
  A ball python (D:2)
  6 bats
  A giant cockroach (D:2)
  A goblin (D:2)
  5 hobgoblins
  5 kobolds
  A quokka (D:2)
  4 frilled lizards
  5 rats
40 creatures vanquished.

Notes
Turn   | Place    | Note
-------+----------+-------------------------------------------
     0 | Abyss:1  | axecop the Demonspawn Abyssal Knight began the quest for
                  | the Orb.
     0 | Abyss:1  | Reached XP level 1. HP: 18/18 MP: 2/2
    56 | Abyss:1  | Found a corrupted altar of Lugonu.
    73 | Abyss:1  | Found a corrupted altar of Lugonu.
    96 | D:1      | Escaped the Abyss
    98 | D:1      | Found a runed translucent door.
   293 | D:1      | Gained mutation: You are immune to miasma. [demonic
                  | ancestry]
   293 | D:1      | Reached XP level 2. HP: 19/24 MP: 4/4
  1106 | D:2      | Gained mutation: You may emit foul miasma when damaged in
                  | melee. [demonic ancestry]
  1106 | D:2      | Reached XP level 3. HP: 11/29 MP: 5/5
  1112 | D:2      | Reached ** piety under Lugonu
  1126 | D:1      | HP: 1/29 [poisoned by an adder]
  1765 | D:1      | Reached XP level 4. HP: 5/35 MP: 6/6
  2704 | D:2      | Found a stormy altar of Qazlal.
  2924 | D:2      | Slain by a gnoll

Illustrated notes

Levels and vault maps discovered:
D:1:      dpeg_arrival_caged_fury, layout_basic
D:2:      layout_basic, nicolae_qazlal_eye_of_the_storm, minmay_joined_circles

Skill      XL: |  1  2  3  4 |
---------------+-------------+-----
Maces & Flails | 2 3 |  3.2
Armour         | 2 |  2.4
Invocations    | 3 |  3.6
Fighting       | |  3.5
Dodging        | |  0.8

Action                   |  1- 3 |  4- 6 || total
-------------------------+-------+-------++-------
Melee: Mace              |    75 |    56 ||   131
Throw: Dart              |    12 |     7 ||    19
  Use: Potion            |     2 |       ||     2
Armor: Leather armour    |    30 |    22 ||    52
Dodge: Dodged            |    70 |    43 ||   113
